 Dungeon Crawl Stone Soup version 0.28.0 (webtiles) character file.

Game seed: 11825640310920096380

3166 Dani the Cleaver (level 9, 79/79 HPs)
             Began as a Minotaur Fighter on Feb 20, 2022.
             Quit the game on level 1 of the Dungeon.
             The game lasted 00:10:16 (5482 turns).

Dani the Cleaver (Minotaur Fighter)                 Turns: 5482, Time: 00:10:17

Health: 79/79      AC: 17    Str: 22    XL:     9   Next: 63%
Magic:  8/8        EV: 11    Int:  7    God:
Gold:   262        SH:  5    Dex: 11    Spells: 8/8 levels left

rFire   . . .      SeeInvis .   a - +0 war axe (spect)
rCold   + . .      Faith    .   t - +0 buckler "Karuge" {rC+ Will+}
rNeg    . . .      Spirit   .   b - +0 scale mail
rPois   +          Reflect  .   (helmet restricted)
rElec   .          Harm     .   (no cloak)
rCorr   .          Rampage  .   l - +1 pair of gloves
Will    +....                   h - +2 pair of boots
Stlth   ..........              (no amulet)
HPRegen 0.23/turn               v - +4 ring of protection
MPRegen 0.11/turn               o - ring of poison resistance

@: no status effects
A: horns 2, retaliatory headbutt
a: no special abilities


You were on level 1 of the Dungeon.
You visited 2 branches of the dungeon, and saw 8 of its levels.
You also visited: Sewer and Ossuary.

You collected 262 gold pieces.

Inventory:

Hand Weapons
 a - a +0 spectral war axe (weapon)
Missiles
 d - 2 javelins (quivered)
 j - 5 poisoned darts
Armour
 b - a +0 scale mail (worn)
 c - a +0 buckler
 e - a +0 pair of boots
   (You found it on level 1 of the Dungeon)
 h - a +2 pair of boots (worn)
   (You found it on level 4 of the Dungeon)
 l - a +1 pair of gloves (worn)
   (You found it on level 4 of the Dungeon)
 t - the +0 buckler "Karuge" (worn) {rC+ Will+}
   (You found it on level 3 of the Dungeon)

   rC:        It protects you from cold.
   Will:      It increases your willpower.
Jewellery
 i - a +6 ring of intelligence
   (You found it on level 4 of the Dungeon)
 m - a ring of ice
   (You found it on level 4 of the Dungeon)
 o - a ring of poison resistance (right hand)
   (You found it on level 5 of the Dungeon)
 s - a ring of see invisible
   (You found it on level 2 of the Dungeon)
 v - a +4 ring of protection (left hand)
   (You found it on level 6 of the Dungeon)
 y - an amulet of regeneration
   (You found it on level 6 of the Dungeon)
Wands
 V - a wand of flame (13)
   (You found it on level 2 of the Dungeon)
Scrolls
 q - a scroll of silence
 w - a scroll of fear
 z - a scroll of enchant armour
 A - a scroll of holy word
 R - 6 scrolls of identify {@r1}
 T - 5 scrolls of teleportation
Potions
 f - a potion of lignification
 g - a potion of haste {unknown}
 k - 2 potions of magic {unknown}
 n - 2 potions of invisibility {unknown}
 p - a potion of degeneration {unknown}
 r - 3 potions of curing {unknown}
 u - a potion of resistance {unknown}
 x - a potion of mutation {unknown}
 B - a potion of brilliance {unknown}


   Skills:
 + Level 7.5 Fighting
 * Level 9.8 Axes
 + Level 7.6 Armour
 + Level 5.9 Dodging
 + Level 7.4 Shields


You had 8 spell levels left.
You didn't know any spells.
Your spell library contained the following spells:

 Spells                   Type           Power      Damage    Failure   Level
 Foxfire                  Conj/Fire      0%         2x1d4     80%         1
 Sting                    Tmut/Pois      0%         1d3       80%         1
 Poisonous Vapours        Pois/Air       0%         N/A       90%         2
 Conjure Flame            Conj/Fire      0%         6-21      99%         3
 Ignite Poison            Fire/Tmut/Pois 0%         N/A       99%         3
 Inner Flame              Hex/Fire       0%         N/A       99%         3
 Cause Fear               Hex            0%         N/A       100%        4
 Flame Wave               Conj/Fire      0%         2d4       100%        4
 Olgreb's Toxic Radiance  Pois           0%         N/A       100%        4
 Sticky Flame             Conj/Fire      0%         2d3       100%        4
 Discord                  Hex            0%         N/A       100%        8


Dungeon Overview and Level Annotations

Branches:
Dungeon (7/15)             Temple (1/1) D:7           Sewer (visited)
Ossuary (visited)

Altars:
Ashenzari
Cheibriados
Elyvilon
Fedhas
Gozag
Nemelex Xobeh
Okawaru
Qazlal
Ru
Trog
Uskayaw
Vehumet
The Shining One

Shops:
D:5 (


Innate Abilities, Weirdness & Mutations

You have a pair of horns on your head.
You reflexively headbutt those who attack you in melee.


Message History

As you open the door, it creaks loudly!
There is an open door here.
Key pressed, stopping explore.
You open the door.
There is an open door here.
Key pressed, stopping explore.
Key pressed, stopping explore.
No target in view!
Key pressed, stopping explore.
No target in view!
Key pressed, stopping explore.
No target in view!
A worm comes into view.
Found an escape hatch in the ceiling.
A worm is nearby!
Found a scroll of identify.
The worm bites you.
A worm is nearby!
You barely miss the worm.
A worm is nearby!
You slash the worm!
The worm is almost dead.
The worm closely misses you. You furiously retaliate!
You headbutt the worm!
You kill the worm!
There is an escape hatch in the ceiling here.
Key pressed, stopping explore.
No target in view!
R - 6 scrolls of identify {@r1} (gained 1) Key pressed, stopping explore.
No target in view!
Found a stone staircase leading up.
No target in view!
Key pressed, stopping explore.
No target in view!
Key pressed, stopping explore.
Key pressed, stopping explore.
No target in view!
Key pressed, stopping explore.
No target in view!
Key pressed, stopping explore.
No target in view!
No target in view!
A bat comes into view.
Found an escape hatch in the floor.
The bat hits you but does no damage. The bat closely misses you.
You miss the bat.
Your +0 spectral war axe hits the bat.
You kill the bat!
Key pressed, stopping explore.
No target in view!
Key pressed, stopping explore.
Key pressed, stopping explore.
No target in view!
Key pressed, stopping explore.
No target in view!
Key pressed, stopping explore.
No target in view!
Key pressed, stopping explore.
No target in view!
No target in view!
Key pressed, stopping explore.
No target in view!
Key pressed, stopping explore.
Key pressed, stopping explore.
B - a green potion Key pressed, stopping explore.
Key pressed, stopping explore.
There is a stone staircase leading down here.
Key pressed, stopping explore.
Key pressed, stopping explore.
Key pressed, stopping explore.
Key pressed, stopping explore.
Key pressed, stopping explore.
Key pressed, stopping explore.
You pick up an Everburning Encyclopedia and begin reading...
You add the spells Ignite Poison and Sticky Flame to your library.
There is an escape hatch in the ceiling here.
Key pressed, stopping explore.
Key pressed, stopping explore.
There is an open door here.
Done exploring.
Save game and exit? [Y]es or [N]o only, please.
Save game and exit?
Okay, then.
There is a stone staircase leading up here.
You climb upwards.
Found a scroll of teleportation, 11 gold pieces and 27 sling bullets.
There is a stone staircase leading down here.
Found a hunting sling.
Ru believes you are ready to make a new sacrifice.
Really renounce your faith, foregoing its fabulous benefits?
Are you sure?
Okay, then.
Really renounce your faith, foregoing its fabulous benefits?
Are you sure?
You have lost your religion!
Unknown command.
Are you sure you want to abandon this character and quit the game? (Confirm with "yes".)
Okay, then.
Unknown command.
Are you sure you want to abandon this character and quit the game? (Confirm with "yes".)

# .#.#(##....
### ..........
... ..........
### .........#
# #
.........##.#
.. ...........
...
#.......##.#..#
##
#?..@>.......
##..........$
#.#....r....
#......##..##
#..#...# .#
........ .. )..
.....? .
#.#..#...###


You could see a quokka.

Vanquished Creatures
  Pikel (D:6)
  A hornet (D:7)
  A water moccasin (Sewer)
  Duvessa (D:5)
  An orc warrior (D:7)
  2 ice beasts (D:6)
  2 sky beasts
  4 ogres
  2 phantoms
  A centaur (D:4)
  Blork the orc (D:5)
  A bullfrog (D:7)
  2 gnoll sergeants
  A scorpion (D:5)
  Dowan (D:5)
  2 water moccasin skeletons (D:4)
  A bullfrog zombie (D:6)
  7 centaur zombies
  4 hounds
  An orc priest (D:4)
  A bullfrog skeleton (D:4)
  An orc wizard (D:7)
  An iguana (D:5)
  A hound skeleton (D:4)
  5 mummies (Ossuary)
  14 gnolls
  6 adders
  An ufetubus (D:7)
  An adder skeleton (D:4)
  2 worms
  2 dart slugs
  7 orcs
  3 ball pythons
  9 endoplasms
  5 giant cockroaches
  4 goblins
  4 hobgoblins
  10 jackals
  2 quokkas
  8 bats
  2 frilled lizards (D:2)
  4 hobgoblin zombies (Ossuary)
  4 kobolds
  4 rats
138 creatures vanquished.

Vanquished Creatures (collateral kills)
  A goblin (D:2)
1 creature vanquished.

Grand Total: 139 creatures vanquished

Notes
Turn   | Place    | Note
-------+----------+-------------------------------------------
     0 | D:1      | Dani the Minotaur Fighter began the quest for the Orb.
     0 | D:1      | Reached XP level 1. HP: 19/19 MP: 0/0
   106 | D:1      | Reached XP level 2. HP: 22/27 MP: 1/1
   321 | D:3      | Found a glowing drain.
   333 | Sewer    | Entered a sewer
   358 | Sewer    | Noticed a water moccasin
   370 | Sewer    | Killed a water moccasin
   371 | Sewer    | Reached skill level 4 in Fighting
   371 | Sewer    | Reached skill level 4 in Axes
   371 | Sewer    | Reached skill level 4 in Armour
   371 | Sewer    | Reached skill level 1 in Dodging
   371 | Sewer    | Reached skill level 4 in Shields
   371 | Sewer    | Reached XP level 3. HP: 33/33 MP: 2/2
   371 | Sewer    | Reached XP level 4. HP: 40/40 MP: 3/3
   553 | D:3      | Noticed a +0 hand axe
   553 | D:3      | Noticed a +0 dagger
   554 | D:3      | Found a hide-covered altar of Uskayaw.
   575 | D:3      | Noticed a sky beast
   586 | D:3      | Killed a sky beast
   587 | D:3      | Reached skill level 2 in Dodging
   587 | D:3      | Reached XP level 5. HP: 47/47 MP: 4/4
   729 | D:4      | Found a blossoming altar of Fedhas.
   736 | D:4      | Noticed a phantom
   759 | D:4      | Killed a phantom
   760 | D:4      | Reached XP level 6. HP: 32/55 MP: 5/5
   852 | D:4      | Reached skill level 5 in Axes
   942 | D:4      | Reached skill level 5 in Fighting
   942 | D:4      | Reached skill level 5 in Armour
   942 | D:4      | Reached skill level 5 in Shields
   945 | D:4      | Reached skill level 3 in Dodging
   945 | D:4      | Reached XP level 7. HP: 50/61 MP: 6/6
  1331 | D:4      | Reached skill level 6 in Axes
  1727 | D:4      | Found a broken altar of Ashenzari.
  1958 | D:5      | Entered Level 5 of the Dungeon
  1975 | D:5      | Noticed Dowan
  1975 | D:5      | Noticed Duvessa
  1982 | D:5      | Killed Duvessa
  1987 | D:5      | Killed Dowan
  2028 | D:5      | Reached skill level 7 in Axes
  2028 | D:5      | Reached XP level 8. HP: 55/70 MP: 7/7
  2195 | D:5      | Found Otonwich's Antique Weapon Shop.
  2305 | D:5      | Reached skill level 6 in Armour
  2305 | D:5      | Reached skill level 4 in Dodging
  2309 | D:5      | Noticed Blork the orc
  2317 | D:5      | Killed Blork the orc
  2318 | D:5      | Reached skill level 6 in Shields
  2337 | D:5      | Reached skill level 6 in Fighting
  2937 | D:6      | Noticed Pikel
  2957 | D:6      | Killed Pikel
  2958 | D:6      | Reached skill level 8 in Axes
  2958 | D:6      | Reached skill level 5 in Dodging
  3477 | D:6      | Reached XP level 9. HP: 78/78 MP: 8/8
  3694 | D:7      | Found a sand-covered staircase.
  3705 | D:7      | Reached skill level 7 in Armour
  3705 | D:7      | Reached skill level 7 in Shields
  3706 | Ossuary  | Entered an ossuary
  3716 | Ossuary  | Reached skill level 7 in Fighting
  3716 | Ossuary  | Reached skill level 9 in Axes
  3997 | D:7      | Found a staircase to the Ecumenical Temple.
  4003 | Temple   | Entered the Ecumenical Temple
  4053 | Temple   | Became a worshipper of Ru the Awakened
  4275 | D:3      | Identified the +0 buckler "Karuge" {rC+ Will+}
  5481 | D:1      | Fell from the grace of Ru
  5482 | D:1      | Quit the game

Illustrated notes

Levels and vault maps discovered:
D:1:      dpeg_arrival_tiny_d, layout_basic,
          shapermc_ecumenical_altar_mp_urbaneastern
D:2:      minmay_alternating_diamond, layout_basic, minmay_bisected
D:3:      layout_loops_ring, dancing_weapons_uskayaw,
          cheibrodos_sewer_entry_bend
D:4:      layout_loops_ring, fedhas_ov_isle_minmay, old_standard_altar,
          kennysheep_nub
D:5:      layout_loops_ring, serial_shops, nicolae_shop_stone,
          uniq_blork_the_orc, uniq_duvessa
D:6:      layout_basic, uniq_pikel
D:7:      layout_cave_pools, zin_angel, minmay_temple_entry_hall,
          nicolae_ossuary_entry_monument
Temple:   regret_index_temple_waves

Skill      XL: |  1  2  3  4  5  6  7  8  9 |
---------------+----------------------------+-----
Fighting       | 4 5 6 7 |  7.5
Axes           | 4 5 7 8 9 |  9.8
Armour         | 4 5 6 7 |  7.6
Dodging        | 1 2 3 5 |  5.9
Shields        | 4 5 6 7 |  7.4

Action                   |  1- 3 |  4- 6 |  7- 9 || total
-------------------------+-------+-------+-------++-------
Melee: War axe           |    31 |    61 |   197 ||   289
       Headbutt          |     2 |     9 |    29 ||    40
Invok: Renounce Religion |       |       |     1 ||     1
  Use: Potion            |     1 |     1 |       ||     2
       Scroll            |     1 |     5 |     8 ||    14
 Stab: Distracted        |       |       |     2 ||     2
Armor: Scale mail        |    22 |    33 |    71 ||   126
Dodge: Dodged            |    14 |    29 |    97 ||   140
Block: Buckler           |     7 |    13 |    49 ||    69

Table legend: (Time is in decaauts)
 A = Elapsed time spent in this place.
 B = Non-inter-level travel time spent in this place.
 C = Inter-level travel time spent in this place.
 D = Time resting spent in this place.
 E = Time spent auto-exploring this place.
 F = Levels seen in this place.
 G = Mean time per level.
                   A        B        C        D        E       F      G
               +--------+--------+--------+--------+--------+-----+--------+
         Total |   5554 |   5343 |    211 |    223 |   3987 |  10 |  555.4 |
       Dungeon |   5219 |   5049 |    170 |    186 |   3872 |   7 |  745.6 |
        Temple |     81 |     40 |     41 |      0 |     31 |   1 |   81.0 |
         Sewer |    117 |    117 |      0 |     37 |      0 |   1 |  117.0 |
       Ossuary |    135 |    135 |      0 |      0 |     84 |   1 |  135.0 |
               +--------+--------+--------+--------+--------+-----+--------+

Top non-repeatable levels by time:
     D:4: 1366 daAuts
     D:6: 976 daAuts
     D:5: 866 daAuts
     D:3: 837 daAuts
     D:2: 796 daAuts
     D:7: 191 daAuts
     D:1: 186 daAuts
 Ossuary: 135 daAuts
   Sewer: 117 daAuts
  Temple: 81 daAuts

Table legend:
 A = Kills in this place as a percentage of kills in entire the game.
 B = Kills by you in this place as a percentage of kills by you in the entire game.
 C = Kills by friends in this place as a percentage of kills by friends in the entire game.
 D = Other kills in this place as a percentage of other kills in the entire game.
 E = Experience gained in this place as a percentage of experience gained in the entire game.
 F = Experience gained in this place divided by the number of levels of this place that you have seen.
                   A       B       C       D       E      F
               +-------+-------+-------+-------+-------+----------------------
         Total | 100.0 | 100.0 | 100.0 |   N/A | 100.0 | 452.4
       Dungeon |  87.1 |  87.0 | 100.0 |   N/A |  89.3 | 577.4
         Sewer |   2.9 |   2.9 |   0.0 |   N/A |   3.4 | 152.0
       Ossuary |  10.1 |  10.1 |   0.0 |   N/A |   7.3 | 330.0
               +-------+-------+-------+-------+-------+----------------------
